 Dungeon Crawl Stone Soup version 0.25-a0-110-ge29c8f2358 (webtiles) character file.

Game seed: 5325030476921878700, levelgen mode: deterministic

4214 qwery3021x the Basher (level 10, 0/88 HPs)
             Began as a Minotaur Berserker on Nov 8, 2019.
             Was an Elder of Trog.
             Slain by a yak (2 damage)
             ... on level 11 of the Dungeon on Nov 19, 2019.
             The game lasted 00:49:48 (6301 turns).

qwery3021x the Basher (Minotaur Berserker)          Turns: 6301, Time: 00:49:49

Health: 0/88       AC: 24    Str: 22    XL:     10   Next: 9%
Magic:  0/9        EV:  8    Int: 12    God:    Trog [****..]
Gold:   343        SH:  0    Dex: 10    Spells: 9/9 levels left

rFire    . . .     SeeInvis .   y - +3 mace (protect)
rCold    . . .     Gourm    .   (no shield)
rNeg     . . .     Faith    .   C - +0 plate armour
rPois    .         Spirit   +   (helmet restricted)
rElec    .         Reflect  .   (no cloak)
rCorr    .         Harm     .   (no gloves)
MR       .....                  p - +2 pair of boots
Stlth    ..........             g - amulet of guardian spirit
HPRegen  0.24/turn              H - -2 ring of slaying (curse)
MPRegen  0.11/turn              o - +1 ring of slaying

@: brilliant, protection aura, berserk cooldown, slowed, very slow
A: retaliatory headbutt, horns 2
a: Berserk, Trog's Hand, Brothers in Arms, Renounce Religion


You were on level 11 of the Dungeon.
You worshipped Trog.
Trog was greatly pleased with you.
You were not hungry.

You visited 2 branches of the dungeon, and saw 10 of its levels.

You collected 343 gold pieces.

Inventory:

Hand Weapons
 a - a +0 mace
 y - a +3 mace of protection (weapon)
Missiles
 l - 178 stones (quivered)
 n - 41 sling bullets
 q - 6 boomerangs
 t - 53 poisoned darts
 F - 2 silver boomerangs
Armour
 p - a +2 pair of boots (worn)
 C - a +0 plate armour (worn)
Jewellery
 g - an amulet of guardian spirit (around neck)
 j - an uncursed ring of resist corrosion
 o - a +1 ring of slaying (right hand)
 A - an uncursed amulet of guardian spirit
 G - a cursed ring of attention {unknown}
 H - a cursed -2 ring of slaying (left hand)
Wands
 E - a wand of disintegration (18)
Scrolls
 e - 2 scrolls of blinking {unknown}
 f - 6 scrolls of remove curse {unknown}
 h - a scroll of enchant armour {unknown}
 i - 6 scrolls of teleportation {unknown}
 k - 12 scrolls of identify {unknown}
 m - 3 scrolls of immolation {unknown}
 r - 3 scrolls of fear {unknown}
 w - a scroll of vulnerability {unknown}
 x - a scroll of amnesia {unknown}
 I - a scroll of fog {unknown}
Potions
 b - 3 potions of flight {unknown}
 d - 4 potions of might {unknown}
 s - 3 potions of mutation {unknown}
 u - 3 potions of curing {unknown}
 v - a potion of invisibility {unknown}
 B - 2 potions of haste {unknown}
 D - 2 potions of agility {unknown}
 K - a potion of lignification {unknown}
Comestibles
 c - 11 rations


   Skills:
 + Level 8.0 Fighting
 + Level 11.3 Maces & Flails
 + Level 6.0 Throwing
 + Level 8.5 Armour
 + Level 3.8 Dodging
 + Level 0.9 Stealth


You had 9 spell levels left.
You didn't know any spells.
Your spell library was empty.

Dungeon Overview and Level Annotations

Branches:
Dungeon (8/15)             Temple (1/1) D:6
   Lair: D:8-11

Altars:
Ashenzari
Cheibriados
Dithmenos
Elyvilon
Fedhas
Gozag
Hepliaklqana
Kikubaaqudgha
Makhleb
Nemelex Xobeh
Okawaru
Qazlal
Ru
Sif Muna
Trog
Uskayaw
Vehumet
Wu Jian
Xom
Yredelemnul
Zin
The Shining One

Shops:
D:7 *


Innate Abilities, Weirdness & Mutations

You reflexively headbutt those who attack you in melee.
You have a pair of horns on your head.


Message History

* * * LOW HITPOINT WARNING * * *
The yak gores you but does no damage.
You hit the yak but do no damage.
The yak is severely wounded.
The yak gores you but does no damage. x2; The yak gores you.
* * * LOW HITPOINT WARNING * * *
The yak gores you but does no damage.
You can't go up here!
Okay, then.
Okay, then.
You hit the yak.
The yak is moderately wounded.
The yak gores you but does no damage. The yak barely misses you. x2
It was a potion of brilliance.
You feel clever all of a sudden. The yak gores you.
* * * LOW HITPOINT WARNING * * *
The yak gores you but does no damage. The yak gores you.
You die...

####... (..(.# ##
##(...## ...
..(...##.#.
..........
#..>......
#YYY......
#.@.......
#......... .#
#..#########.#
#.....)......#
...........########
######.......#
#.....F...#
#.......#.#
#.......# #


You could see 3 yaks.

Vanquished Creatures
  Harold (D:8)
  An ugly thing (D:11)
  A centaur skeleton (D:7)
  A gargoyle (D:11)
  Sigmund (D:2)
  A wyvern (D:6)
  2 yaks (D:11)
  3 ice beasts
  2 sky beasts
  A phantom (D:6)
  An ogre (D:5)
  2 centaurs (D:6)
  5 bullfrogs
  2 scorpions
  2 howler monkeys (D:11)
  A crimson imp (D:6)
  A bullfrog skeleton (D:4)
  3 orc priests
  2 hounds
  A jelly (D:6)
  Terence (D:3)
  2 iguanas
  An orc wizard (D:4)
  6 worker ants
  A hound zombie (D:6)
  A hound skeleton (D:4)
  Robin (D:4)
  10 adders
  2 shadow imps (D:5)
  An adder skeleton (D:6)
  2 worms (D:2)
  A leopard gecko (D:3)
  10 orcs
  6 giant cockroaches
  9 hobgoblins
  11 jackals
  2 quokkas
  4 ball pythons
  3 bats (D:1)
  3 frilled lizards
  A giant cockroach zombie (D:6)
  12 goblins
  A jackal skeleton (D:4)
  6 kobolds
  A leopard gecko skeleton (D:4)
  A quokka zombie (D:8)
  5 rats (D:1)
138 creatures vanquished.

Notes
Turn   | Place    | Note
-------+----------+-------------------------------------------
     0 | D:1      | qwery3021x the Minotaur Berserker began the quest for the
                  | Orb.
     0 | D:1      | Reached XP level 1. HP: 19/19 MP: 0/0
   218 | D:1      | Reached XP level 2. HP: 25/27 MP: 1/1
   253 | D:1      | Reached skill level 4 in Maces & Flails
   475 | D:1      | Reached ** piety under Trog
   660 | D:1      | Reached XP level 3. HP: 33/33 MP: 2/2
   981 | D:2      | Noticed Sigmund
   997 | D:2      | Killed Sigmund
   997 | D:2      | Reached skill level 5 in Maces & Flails
   997 | D:2      | Reached XP level 4. HP: 36/41 MP: 3/3
   997 | D:2      | Reached XP level 5. HP: 41/47 MP: 4/4
  1190 | D:2      | Reached skill level 6 in Maces & Flails
  1656 | D:3      | Found an ancient bone altar of Kikubaaqudgha.
  1763 | D:3      | Noticed Terence
  1772 | D:3      | Killed Terence
  1848 | D:3      | Reached skill level 1 in Throwing
  1888 | D:3      | Reached XP level 6. HP: 55/55 MP: 5/5
  2468 | D:4      | Reached *** piety under Trog
  2468 | D:4      | Reached skill level 5 in Fighting
  2468 | D:4      | Noticed Robin
  2481 | D:4      | Killed Robin
  2710 | D:4      | Reached skill level 7 in Maces & Flails
  3142 | D:4      | Reached XP level 7. HP: 61/61 MP: 6/6
  3441 | D:5      | Entered Level 5 of the Dungeon
  3823 | D:5      | Found a bloodstained altar of Trog.
  3824 | D:5      | Found a hide-covered altar of Uskayaw.
  4135 | D:6      | Found a shimmering altar of Xom.
  4157 | D:6      | Reached skill level 8 in Maces & Flails
  4163 | D:6      | Reached skill level 5 in Armour
  4166 | D:6      | Found a sparkling altar of Nemelex Xobeh.
  4186 | D:6      | Found a shimmering blue altar of Sif Muna.
  4186 | D:6      | Found a glowing silver altar of Zin.
  4362 | D:6      | Reached XP level 8. HP: 70/70 MP: 7/7
  4567 | D:6      | Found a staircase to the Ecumenical Temple.
  4573 | Temple   | Entered the Ecumenical Temple
  4838 | D:6      | Reached skill level 9 in Maces & Flails
  5146 | D:6      | Found a sacrificial altar of Ru.
  5146 | D:6      | Found an opulent altar of Gozag.
  5176 | D:6      | Found a basalt altar of Yredelemnul.
  5256 | D:7      | Upgraded the game from 0.25-a0-85-g7617fd2bc2 to
                  | 0.25-a0-100-g33052ceff8
  5391 | D:7      | Found an ornate altar of the Wu Jian Council.
  5542 | D:7      | Reached XP level 9. HP: 78/78 MP: 8/8
  5554 | D:7      | Found Ynod's Assorted Antiques.
  5680 | D:7      | Reached **** piety under Trog
  5680 | D:7      | Reached skill level 10 in Maces & Flails
  6092 | D:7      | Upgraded the game from 0.25-a0-100-g33052ceff8 to
                  | 0.25-a0-110-ge29c8f2358
  6133 | D:8      | Found a shattered altar of Ashenzari.
  6133 | D:8      | Noticed Harold
  6155 | D:8      | Killed Harold
  6155 | D:8      | Reached skill level 5 in Throwing
  6241 | D:8      | You fall into a shaft and drop 3 floors!
  6241 | D:11     | Noticed a green ugly thing
  6242 | D:11     | Noticed a gargoyle
  6252 | D:11     | Killed a green ugly thing
  6252 | D:11     | Reached skill level 11 in Maces & Flails
  6258 | D:11     | Killed a gargoyle
  6283 | D:11     | Reached XP level 10. HP: 68/88 MP: 6/9
  6299 | D:11     | HP: 3/88 [yak (4)]
  6301 | D:11     | Slain by a yak

Levels and vault maps discovered:
D:1:      eino_arrival_cavern_e, layout_basic, serial_park_tiny_1,
          chequers_serial_rivers_micro_b
D:2:      layout_rooms, minmay_tetromino_l2, uniq_sigmund
D:3:      layout_basic, kiku_gazebo_pond_becter, serial_glass, glass_columns_b,
          glass_columns_a, minmay_door_square, uniq_terence
D:4:      layout_loops_corners, first_ration, minmay_vboxes, uniq_robin
D:5:      layout_cave_pools, gammafunk_temple_overflow_pools
D:6:      cheibrodos_iron_armory, layout_cave_pools,
          lemuel_coloured_pillars_altar, gammafunk_temple_overflow_statue,
          grunt_temple_overflow_open, minmay_temple_entry_enclosed_plants
D:7:      layout_basic, kennysheep_mini, serial_shops, shop
D:8:      layout_basic, ashenzari_altar_1, enter_bailey_3, uniq_harold
D:11:     layout_rooms, serial_shops, bzr_entry_islet,
          nicolae_shop_competitors_out_of_business, kennysheep_little_box, shop,
          shop, serial_co_window_serial, co_window_of_opportunity_a,
          co_window_corner_a, co_window_paths_b, co_window_paths_a,
          co_window_paths_b, co_window_corner_b, co_window_cross_4,
          co_window_2corner, co_window_broadway_b, co_window_broadway_b,
          glass_columns_c, glass_columns_c, glass_columns_a
Temple:   compressed_dpeg_circular_temple

Skill      XL: |  1  2  3  4  5  6  7  8  9 |
---------------+----------------------------+-----
Fighting       | 4 5 6 8 |  8.0
Maces & Flails | 4 5 6 7 8 9 11 | 11.3
Dodging        | 3 |  3.8
Armour         | 3 5 6 8 |  8.5
Throwing       | 1 2 4 6 |  6.0
Stealth        | |  0.9

Action                   |  1- 3 |  4- 6 |  7- 9 | 10-12 || total
-------------------------+-------+-------+-------+-------++-------
Melee: Mace              |    55 |   114 |   169 |    17 ||   355
       Headbutt          |     7 |    18 |    41 |     3 ||    69
Throw: Stone             |    16 |    65 |    85 |       ||   166
Invok: Berserk           |     2 |     4 |     4 |       ||    10
  Use: Potion            |       |       |       |     1 ||     1
  Eat: Chunk             |     1 |    12 |    11 |       ||    24
       Ration            |       |       |     1 |       ||     1
Armor: Animal skin       |     9 |       |       |       ||     9
       Scale mail        |     1 |    11 |       |       ||    12
       Skin              |     1 |       |       |       ||     1
       Chain mail        |       |    20 |       |       ||    20
       Plate armour      |       |    47 |   105 |    37 ||   189
Dodge: Dodged            |    51 |    49 |    58 |    29 ||   187

Table legend:
 A = Non-vault XP
 B = Vault XP
 C = Vault XP percentage of total XP
 D = Non-vault monster count
 E = Vault monster count
 F = Vault count percentage of total count
                 A         B        C        D         E       F
            +---------+---------+-------+---------+---------+-------
      Total |    4601 |    1420 |  23.6 |     121 |      17 |  12.3
            +---------+---------+-------+---------+---------+-------
        D:1 |      45 |       0 |   0.0 |      28 |       0 |   0.0
        D:2 |      47 |     228 |  82.9 |      12 |       2 |  14.3
        D:3 |      38 |      36 |  48.6 |      14 |       1 |   6.7
        D:4 |     166 |     206 |  55.4 |      16 |      13 |  44.8
        D:5 |     215 |       0 |   0.0 |       5 |       0 |   0.0
        D:6 |    1319 |       0 |   0.0 |      24 |       0 |   0.0
        D:7 |     924 |       0 |   0.0 |       8 |       0 |   0.0
        D:8 |     166 |     950 |  85.1 |       5 |       1 |  16.7
       D:11 |    1681 |       0 |   0.0 |       9 |       0 |   0.0
            +---------+---------+-------+---------+---------+-------
